AoeStats
← HuerquenLa

Arabian Desert

509437217Analyzed
1v1 RM · 5d ago on Sep 26, 2026· 55m 39s· 2 players
Game mode
Random Map
Map size
Tiny (2 player)
Population
200
Speed
Normal
Resources
Standard
Victory
Conquest
Starting age
Dark Age
Ending age
Imperial Age
RankedLock teamsTeams togetherTeam positionsShared explorationLock speedFull tech treeHidden civsTurbo modeCheats
Victory
Defeat
🇺🇸 Georgians · United States
740
+19
🇦🇷 Bulgarians · Argentina
752
-17
STALE MAN4598
8:58 Loom
10:45 Feudal Age
11:45 Horse Collar
17:49 Forging
20:06 Castle Age
18:26 Scale Barding Armor
19:43 Bloodlines
21:22 Iron Casting
21:21 Light Cavalry
27:28 Pikeman
35:19 Imperial Age
36:22 Cavalier
41:20 Chain Barding Armor
43:45 Plate Barding Armor
44:11 Blast Furnace
45:13 Halberdier
46:31 Aznauri Cavalry
46:51 Conscription
49:49 Elite Monaspa
52:07 Fletching
52:18 Padded Archer Armor
54:20 Aznauri Cavalry
54:27 Aznauri Cavalry
HuerquenLa
10:18 Feudal Age
10:16 Loom
10:45 Horse Collar
10:53 Double-Bit Axe
22:36 Castle Age
26:57 Gold Mining
27:09 Stone Mining
29:06 Forging
32:02 Husbandry
32:13 Bloodlines
32:21 Bloodlines
34:03 Scale Barding Armor
35:04 Iron Casting
38:24 Fervor
40:46 Chain Barding Armor
41:35 Ballistics
45:21 Wheelbarrow
45:58 Gold Shaft Mining
45:44 Murder Holes
47:36 Stone Shaft Mining
47:51 Masonry
Connection lost

Rejoining the realm…

Still unreachable

The connection could not be restored.

Session expired

The server has moved on; the page needs a fresh start.